 Dungeon Crawl Stone Soup version 0.27.1-33-g824d729ab1 (webtiles) character file.

Game seed: 2564688257837871411

155 unlimited1921 the Twirler (level 5, 0/48 HPs)
             Began as a Troll Fire Elementalist on Dec 27, 2021.
             Slain by a gnoll (9 damage)
             ... on level 2 of the Dungeon.
             The game lasted 00:08:15 (1285 turns).

unlimited1921 the Twirler (Troll Fire Elementalist) Turns: 1285, Time: 00:08:16

Health: 0/48       AC:  5    Str: 17    XL:     5   Next: 14%
Magic:  6/6        EV: 10    Int: 11    God:
Gold:   55         SH:  0    Dex: 10    Spells: 5/6 levels left

rFire    + + .     SeeInvis .   b - +2 quarterstaff (vorpal)
rCold    . . .     Faith    .   (shield currently unavailable)
rNeg     . . .     Spirit   .   j - +1 robe {rC+ rF+}
rPois    .         Reflect  .   (helmet restricted)
rElec    .         Harm     .   (no cloak)
rCorr    .         Rampage  .   (gloves unavailable)
Will     .....                  (boots unavailable)
Stlth    ++........             (no amulet)
HPRegen  1.16/turn              l - ring of flight
MPRegen  0.10/turn              o - ring of fire

@: flying
A: large, unfitting armour, claws 3, regeneration 1, shaggy fur 1, tough skin 1
a: no special abilities


You were on level 2 of the Dungeon.
You visited 1 branch of the dungeon, and saw 2 of its levels.

You collected 55 gold pieces.

Inventory:

Hand Weapons
 b - a +2 vorpal quarterstaff (weapon)
 e - a +0 short sword
Missiles
 f - 54 stones
 h - 49 arrows
Armour
 a - a +0 robe
 d - a +0 scale mail
 j - a +1 robe of resistance (worn)
Jewellery
 l - a ring of flight (left claw)
 o - a ring of fire (right claw)
Scrolls
 c - a scroll of brand weapon {unknown}
 g - a scroll of silence {unknown}
 k - a scroll of identify {unknown}
 m - a scroll of fog {unknown}
Potions
 i - a potion of lignification {unknown}
 n - a potion of curing {unknown}
 p - a potion of invisibility {unknown}
 q - a potion of haste {unknown}


   Skills:
 * Level 1.1 Fighting
 * Level 2.7 Staves
 + Level 2.2 Dodging
 + Level 1.4 Stealth
 - Level 1.4 Spellcasting
 - Level 0.6 Conjurations
 - Level 2.3 Fire Magic


You had 5 spell levels left.
You knew the following spells:

 Your Spells              Type           Power      Damage    Failure   Level
a - Foxfire               Conj/Fire      24%        2x1d5     17%         1

Your spell library contained the following spells:

 Spells                   Type           Power      Damage    Failure   Level
 Conjure Flame            Conj/Fire      6%         6-21      45%         3
 Inner Flame              Hex/Fire       4%         N/A       50%         3
 Frozen Ramparts          Ice            0%         1d2       67%         3
 Sticky Flame             Conj/Fire      6%         2d3       86%         4
 Ice Form                 Ice/Tmut       0%         N/A       97%         4
 Summon Ice Beast         Ice/Summ       0%         N/A       97%         4
 Fireball                 Conj/Fire      3%         3d4       99%         5


Dungeon Overview and Level Annotations

Branches:
Dungeon (2/15)

Altars:

Shops:
D:2 :[


Innate Abilities, Weirdness & Mutations

You are too large for most types of armour.
You have claws for hands.
Your natural rate of healing is unusually fast.
You are covered in fur. (AC +1)
You have tough skin. (AC +1)


Message History

You kill the kobold!
The gnoll hits you with a +0 spear!
You see here a +0 club.
You thump the gnoll!
The gnoll is severely wounded.
The gnoll barely misses you. The gnoll hits you with a +0 spear.
You are too injured to fight recklessly!
You are too injured to fight recklessly!
The gnoll misses you.
The gnoll hits you from afar with a +0 halberd.
The gnoll hits you with a +0 spear.
You sock the gnoll!
You kill the gnoll!
The gnoll completely misses you. The gnoll closely misses you.
The gnoll hits you from afar with a +0 halberd!
Things that are here:
a +0 spear; a gnoll corpse You sock the gnoll!
The gnoll is severely wounded.
The gnoll hits you with a +0 flail. The gnoll barely misses you.
You hit the gnoll.
The gnoll is almost dead.
The gnoll barely misses you.
The gnoll hits you from afar with a +0 halberd.
The gnoll hits you with a +0 flail!
You are too injured to fight recklessly!
You are too injured to fight recklessly!
You are too injured to fight recklessly!
You are too injured to fight recklessly!
You are too injured to fight recklessly!
You are too injured to fight recklessly!
You are too injured to fight recklessly!
You are too injured to fight recklessly!
The gnoll barely misses you. The gnoll hits you with a +0 flail.
* * * LOW HITPOINT WARNING * * *
The gnoll hits you with a +0 halberd.
* * * LOW HITPOINT WARNING * * *
The gnoll hits you with a +0 flail!
You die...

.#.#####. #.# #.# #.#
∩..)..##.# #.# #.###.###
.####.##.# #.# #........ .#
#.##.# #.# #.####### .# #.##.#
#.# #.# .# #.##.# #.## #.#
.####.##.# #).#### #<#
.......#†# #g.g..#####.#
#####.^#.# #.@.........#
#..#.######...........#
###................###.....#
###..................###.##.#.#
......##.#######...#..........
###.####.# #<..########.#.# #.#
#.# #...# ##....# #.# #.#
####...# #.....## #.# #.#
##......# #......


You could see 2 gnolls.

Vanquished Creatures
  Jessica (D:2)
  An iguana (D:2)
  2 gnolls (D:2)
  3 adders (D:2)
  A worm (D:2)
  3 dart slugs
  5 bats
  2 endoplasms
  7 giant cockroaches
  4 goblins
  5 hobgoblins
  A quokka (D:2)
  8 ball pythons
  A frilled lizard (D:1)
  4 kobolds
  A rat (D:2)
  A spectral kobold (D:1)
50 creatures vanquished.

Vanquished Creatures (others)
  2 foxfires (D:1)
2 creatures vanquished.

Grand Total: 52 creatures vanquished

Notes
Turn   | Place    | Note
-------+----------+-------------------------------------------
     0 | D:1      | unlimited1921 the Troll Fire Elementalist began the quest
                  | for the Orb.
     0 | D:1      | Reached XP level 1. HP: 16/16 MP: 1/1
   107 | D:1      | Reached XP level 2. HP: 24/24 MP: 3/3
   120 | D:1      | Identified a scroll of acquirement
   120 | D:1      | Acquired a +2 vorpal quarterstaff
   148 | D:1      | Found a faded altar of an unknown god.
   386 | D:1      | Reached XP level 3. HP: 32/32 MP: 4/4
   441 | D:1      | Reached skill level 1 in Staves
   579 | D:2      | Found Wiuxze's Antique Armour Boutique.
   751 | D:2      | Found Ysaidig's Book Shop.
   787 | D:2      | Reached XP level 4. HP: 37/40 MP: 5/5
   808 | D:2      | Noticed Jessica
   817 | D:2      | Killed Jessica
   972 | D:2      | Reached skill level 1 in Fighting
  1247 | D:2      | Reached XP level 5. HP: 21/48 MP: 6/6
  1285 | D:2      | Slain by a gnoll

Illustrated notes

Levels and vault maps discovered:
D:1:      lightli_arrival_flooded_house, layout_basic,
          dreamdust_ecumenical_altar_drowned_temple, columned_hall_lemuel,
          minmay_worlds_worst_comb
D:2:      kennysheep_big_flooded_room, layout_loops_ring, serial_shops,
          shop_statue, shop, uniq_jessica

Skill      XL: |  1  2  3  4 |
---------------+-------------+-----
Dodging        | 2 |  2.2
Staves         | 2 |  2.7
Fighting       | 1 |  1.1
Stealth        | |  1.4
Spellcasting   | |  1.4
Conjurations   | |  0.6
Fire Magic     | |  2.3

Action                   |  1- 3 |  4- 6 || total
-------------------------+-------+-------++-------
Melee: Unarmed           |    18 |       ||    18
       Quarterstaff      |    75 |    30 ||   105
 Cast: Foxfire           |     2 |       ||     2
  Use: Scroll            |     1 |       ||     1
 Stab: Sleeping          |     6 |     2 ||     8
Armor: Robe              |    24 |    26 ||    50
Dodge: Dodged            |    40 |    39 ||    79
